Map: Redshift LE

Players

Jardozer - Winner!

  • Race: Zerg Zerg
  • League: Master
  • Spawn Location: 11:00

Starlord

  • Race: Protoss Protoss
  • League: Master
  • Spawn Location: 7:00

VOD

Have the link to the VOD?

Description

Time

  • Played on: May 20, 2018, 11:52 p.m.
  • Length: 14:32
Show
View Real Time Build Order
Export as new Build Order

Jardozer Zerg - Winner!

Build Orders: Hatch First 

Get SALT Encoding   

  12  0:00  Drone  
  13  0:13  Overlord  
  13  0:17  Drone  
  14  0:31  Drone x2  
  14  0:35  Drone  
  17  0:53  Hatchery  
  17  0:56  Drone  
  17  0:58  Drone  
  18  1:13  Extractor  
  18  1:14  Spawning Pool  
  18  1:15  Drone  
  18  1:18  Drone  
  18  1:29  Drone  
  19  1:41  Drone  
  20  1:55  Drone  
  20  2:00  Hatchery  
  20  2:02  Drone  
  20  2:06  Queen  
  20  2:07  Drone  
  24  2:13  Drone  
  25  2:15  Metabolic Boost  
  25  2:21  Overlord  
  25  2:31  Zergling x2  
  25  2:32  Zergling x2  
  25  2:35  Zergling x2  
  28  2:40  Zergling x2  
  28  2:41  Queen  
  31  2:45  Drone  
  31  2:50  Drone  
  33  2:55  Drone  
  34  2:58  Drone  
  35  3:06  Drone  
  36  3:13  Drone  
  36  3:14  Drone, Queen  
  36  3:17  Overlord  
  40  3:24  Roach Warren  
  40  3:27  Drone x3  
  40  3:31  Overlord  
  42  3:40  Drone  
  42  3:41  Drone x3  
  45  3:54  Overlord  
  44  4:04  Overlord  
  44  4:07  Overlord  
  44  4:14  Roach x7  
  58  4:21  Overlord  
  58  4:22  Queen  
  60  4:26  Roach x4  
  60  4:28  Roach  
  70  4:39  Roach x3  
  76  4:46  Drone x6  
  76  4:50  Overlord x2  
  82  4:54  Overlord  
  82  5:03  Overlord x2  
  82  5:06  Extractor  
  81  5:07  Extractor  
  80  5:14  Queen  
  80  5:15  Drone  
  80  5:16  Drone x2  
  80  5:17  Drone x3  
  80  5:21  Lair  
  88  5:22  Drone  
  88  5:23  Drone  
  88  5:28  Roach  
  91  5:31  Roach  
  93  5:36  Overlord  
  93  5:41  Roach  
  95  5:43  Roach  
  95  5:45  Drone  
  95  5:46  Drone x6  
  104  5:59  Drone x3  
  104  6:02  Extractor x2  
  104  6:04  Roach x2  
  109  6:07  Roach  
  111  6:23  Roach x2  
  111  6:25  Overlord  
  113  6:27  Drone  
  113  6:29  Overlord x5  
  114  6:35  Spine Crawler  
  114  6:36  Spine Crawler  
  111  6:40  Evolution Chamber x2  
  111  6:41  Evolution Chamber  
  104  6:48  Roach x7  
  104  6:52  Roach  
  104  6:53  Roach x2  
  118  6:58  Roach x3  
  106  7:04  Roach  
  104  7:13  Roach x2  
  96  7:21  Roach x3  
  95  7:32  Roach x2  
  95  7:41  Roach  
  97  7:44  Drone x3  
  97  7:49  Drone x2  
  102  7:53  Glial Reconstitution  
  102  7:56  Drone  
  103  8:00  Drone x2, Queen  
  103  8:01  Queen  
  109  8:09  Overseer  
  109  8:11  Roach x4  
  117  8:14  Zerg Missile Weapons Level 1  
  117  8:19  Drone x2  
  119  8:24  Roach x3  
  125  8:31  Drone x3  
  125  8:33  Drone x3  
  129  8:46  Roach x3  
  129  8:50  Hydralisk Den  
  123  9:09  Drone x8  
  126  9:25  Drone x3  
  126  9:26  Drone  
  126  9:27  Overlord  
  128  9:33  Roach x4  
  128  9:37  Roach  
  118  9:40  Roach x2  
  118  9:42  Ravager x9  
  131  9:47  Roach  
  121  10:02  Roach x5  
  109  10:11  Roach x4  
  92  10:24  Roach x4  
  91  10:29  Roach  
  91  10:34  Extractor  
  92  10:36  Roach  
  92  10:37  Roach x2  
  92  10:38  Queen  
  92  10:39  Queen  
  92  10:42  Roach  
  104  10:44  Hatchery  
  104  10:48  Roach x2  
  107  10:50  Grooved Spines  
  107  10:52  Roach  
  107  10:53  Hatchery  
  107  10:54  Zerg Missile Weapons Level 2  
  107  10:56  Roach  
  110  11:00  Roach  
  112  11:10  Roach x5  
  122  11:19  Hydralisk x3  
  122  11:23  Hydralisk  
  130  11:32  Hydralisk x5  
  134  11:38  Drone  
  134  11:39  Drone  
  140  11:43  Hydralisk  
  142  11:51  Hydralisk  
  142  11:52  Hydralisk x4  
  147  12:01  Muscular Augments  
  147  12:05  Roach x8  
  147  12:06  Roach  
  165  12:14  Drone  
  165  12:15  Drone x3  
  166  12:19  Drone  
  166  12:20  Drone x3  
  169  12:28  Drone x5  
  174  12:32  Overlord x2  
  169  12:44  Overlord  
  169  12:45  Overlord x3  
  165  12:59  Overlord  
  165  13:01  Ravager x6  
  165  13:02  Ravager x2  
  171  13:10  Queen  
  173  13:14  Hatchery, Roach x6  
  184  13:22  Hydralisk x3  
  184  13:26  Ravager x5  
  193  13:48  Roach x4  
Show
View Real Time Build Order
Export as new Build Order

Starlord Protoss 

Build Orders: 1 Gate Expand 

Get SALT Encoding   

  12  0:00  Probe  
  13  0:13  Probe  
  14  0:19  Pylon  
  14  0:25  Probe  
  15  0:33  Probe  
  15  0:41  Gateway, Probe  
  16  0:49  Assimilator  
  17  0:52  Probe  
  18  1:04  Probe  
  19  1:16  Probe  
  20  1:24  Nexus  
  20  1:28  Probe  
  21  1:37  Cybernetics Core  
  21  1:44  Assimilator  
  21  1:52  Probe  
  22  1:54  Pylon  
  22  2:04  Probe  
  23  2:11  Adept  
  25  2:17  Probe  
  25  2:22  Stargate  
  26  2:29  Probe  
  27  2:31  Adept, Warp Gate  
  27  2:41  Probe x2  
  31  2:53  Probe x2  
  33  3:05  Probe  
  33  3:09  Void Ray  
  38  3:18  Adept  
  40  3:20  Probe  
  40  3:22  Shield Battery  
  41  3:27  Gateway  
  41  3:29  Gateway  
  41  3:31  Pylon  
  41  3:36  Twilight Council  
  39  4:03  Charge  
  39  4:05  Pylon  
  39  4:19  Gateway x2  
  39  4:28  Gateway  
  39  4:32  Gateway  
  39  4:36  Gateway  
  39  4:42  Zealot  
  39  4:43  Zealot  
  43  4:49  Gateway  
  43  4:50  Gateway  
  43  4:51  Gateway  
  43  5:03  Probe  
  44  5:08  Zealot x3  
  50  5:14  Pylon  
  50  5:15  Pylon  
  50  5:17  Pylon  
  50  5:19  Pylon  
  50  5:25  Zealot x3  
  56  5:33  Zealot x5  
  66  5:46  Zealot x4  
  74  5:50  Pylon  
  74  5:56  Zealot x4  
  82  6:14  Zealot x5  
  92  6:24  Zealot x3  
  90  6:29  Zealot x2  
  92  6:51  Zealot x5  
  76  7:03  Zealot  
  76  7:04  Zealot x4  
  74  7:13  Zealot x2  
  70  7:21  Zealot x3  
  62  7:31  Probe x2  
  62  7:33  Robotics Facility  
  56  7:39  Sentry x2  
  56  7:43  Probe x2  
  58  7:56  Nexus  
  58  8:01  Sentry x2  
  58  8:05  Templar Archives  
  62  8:11  Assimilator  
  62  8:12  Immortal  
  62  8:13  Zealot  
  62  8:14  Assimilator  
  62  8:18  Zealot  
  70  8:35  Zealot x7  
  84  8:49  Immortal, High Templar x2  
  88  8:58  Archon  
  88  9:02  Zealot x4  
  84  9:26  Zealot x2  
  84  9:27  Zealot x3  
  84  9:28  Immortal  
  98  9:36  Zealot x2  
  98  9:42  Zealot  
  98  9:43  Zealot  
  70  10:08  Zealot x6  
  52  10:35  High Templar x2  
  52  10:36  Nexus  
  52  10:40  Archon  
  56  10:43  Warp Prism  
  58  10:55  High Templar x2  
  62  10:57  Assimilator  
  62  10:59  Assimilator  
  62  11:08  Archon  
  62  11:10  Zealot x7  
  71  11:25  Immortal  
  71  11:57  Immortal  
  75  12:28  Immortal  
  75  12:32  Nexus  
  77  12:56  High Templar x2  
  77  12:57  Immortal  
  69  13:10  Archon  
  69  13:11  Probe  
  74  13:14  Assimilator  
  74  13:15  Assimilator  
  74  13:17  Zealot x2  
  71  14:02  Zealot x5  
Tags
 
Add a new tag
Caveats
  • Supply blocks, unpowered buildings, or Contaminate may cause inaccurate times.
  • Supply counts are checked every 10 seconds.